 Dungeon Crawl Stone Soup version 0.28-a0-1033-g1a2f33fa85 (webtiles) character file.

Game seed: 13021938600561507131

93 tkbsonic5 the Slasher (level 4, -3/55 HPs)
             Began as a Human Monk on Dec 8, 2021.
             Splashed by a jelly's acid (4 damage)
             ... on level 2 of the Dungeon.
             The game lasted 00:03:59 (1602 turns).

tkbsonic5 the Slasher (Human Monk)                  Turns: 1602, Time: 00:03:59

Health: -3/55      AC: 14    Str: 14    XL:     4   Next: 92%
Magic:  4/4        EV:  2    Int: 10    God:
Gold:   70         SH:  0    Dex: 15    Spells: 3/3 levels left

rFire   . . .      SeeInvis .   a - +0 falchion
rCold   . . .      Faith    .   (no shield)
rNeg    . . .      Spirit   .   (armour currently unavailable)
rPois   +          Reflect  .   (helmet currently unavailable)
rElec   .          Harm     .   (cloak currently unavailable)
rCorr   .          Rampage  .   (gloves currently unavailable)
Will    .....      NoTele   +   (boots currently unavailable)
Stlth   ++........              (no amulet)
HPRegen 0.18/turn               (no ring)
MPRegen 0.09/turn               (no ring)

@: tree-form, corroded
A: stationary, stasis, torment immunity, boosted hp
a: no special abilities


You were on level 2 of the Dungeon.
You were a tree.
You visited 1 branch of the dungeon, and saw 2 of its levels.

You collected 70 gold pieces.

Inventory:

Hand Weapons
 a - a +0 falchion (weapon)
Armour
 b - a +0 robe (melded)
 e - a +2 cloak (melded)
Jewellery
 f - an amulet of magic regeneration
Scrolls
 c - a scroll of noise {unknown}
 g - a scroll of vulnerability {unknown}
 h - a scroll of acquirement {unknown}
Potions
 d - a potion of degeneration {unknown}
 i - a potion of magic {unknown}
 k - a potion of lignification


   Skills:
 * Level 3.8 Fighting
 * Level 3.9 Long Blades
 * Level 2.1 Armour
 - Level 3.0 Dodging
 - Level 2.0 Stealth


You had 3 spell levels left.
You didn't know any spells.
Your spell library contained the following spells:

 Spells                   Type           Power      Damage    Failure   Level
 Summon Small Mammal      Summ           0%         N/A       36%         1
 Call Canine Familiar     Summ           0%         N/A       75%         3
 Summon Guardian Golem    Hex/Summ       0%         N/A       75%         3


Dungeon Overview and Level Annotations

Branches:
Dungeon (2/15)

Altars:


Message History

The jelly barely misses you.
Unknown command.
Things that are here:
a +0 short sword; 5 stones; a kobold corpse It was a potion of curing.
You feel better. The jelly hits you.
You are splashed with acid!
* * * LOW HITPOINT WARNING * * *
Okay, then.
You feel better. The jelly hits you.
You are splashed with acid!
* * * LOW HITPOINT WARNING * * *
The jelly barely misses you.
It was a potion of lignification.
You turn into a tree.
Your +2 cloak melds into your body.
Your +0 robe melds into your body.
Your roots penetrate the ground.
The jelly hits you but does no damage.
You barely miss the jelly.
The jelly is almost dead.
The jelly hits you but does no damage.
You hit the jelly but do no damage.
Your branches burn!
* * * LOW HITPOINT WARNING * * *
The jelly is almost dead.
The jelly hits you but does no damage.
You hit the jelly.
You kill the jelly!
Your Armour skill increases to level 2!
You hit the jelly but do no damage.
Your branches burn!
* * * LOW HITPOINT WARNING * * *
The jelly hits you but does no damage.
You hit the jelly but do no damage.
Your branches burn!
* * * LOW HITPOINT WARNING * * *
The jelly hits you but does no damage.
You hit the jelly.
Your branches burn!
* * * LOW HITPOINT WARNING * * *
The jelly is lightly wounded.
The jelly hits you but does no damage.
You hit the jelly but do no damage.
Your branches burn!
* * * LOW HITPOINT WARNING * * *
The jelly is lightly wounded.
The jelly hits you but does no damage. x2
You hit the jelly but do no damage. The acid corrodes you!
Your branches burn!
You die...

#.# ÷.....JP.# #.#
JP.÷J.÷..# #.#
.P.......# #.#
.....JJ..# #.#
.JJ.J.J.J# #.#
#######J# #.#
##J.JJ.J## #.#
#J######## #.#
##J♣'....# #.###
####....# #...#####
#.......# .###....#
#..)....# ##
##.#.#######...)...#
#
##.......##.......#
#..†....###.....##
##..#########...## #
##.#.......###'''##


You could see 2 jellies.

Vanquished Creatures
  A jelly (D:2)
  2 adders (D:2)
  A dart slug (D:1)
  6 ball pythons (D:1)
  3 endoplasms
  2 giant cockroaches
  3 goblins (D:1)
  6 hobgoblins (D:1)
  11 kobolds
  A bat (D:1)
  5 frilled lizards (D:1)
  2 rats (D:1)
43 creatures vanquished.

Vanquished Creatures (others)
  A fungus (D:2)
  9 toadstools (D:2)
10 creatures vanquished.

Grand Total: 53 creatures vanquished

Notes
Turn   | Place    | Note
-------+----------+-------------------------------------------
     0 | D:1      | tkbsonic5 the Human Monk began the quest for the Orb.
     0 | D:1      | Reached XP level 1. HP: 18/18 MP: 1/1
   227 | D:1      | Reached XP level 2. HP: 22/24 MP: 2/2
   250 | D:1      | Found a faded altar of an unknown god.
   486 | D:1      | Reached skill level 1 in Armour
   615 | D:1      | Reached XP level 3. HP: 29/29 MP: 3/3
  1383 | D:2      | Reached XP level 4. HP: 26/36 MP: 4/4
  1601 | D:2      | HP: 1/55 [acid (3)]
  1602 | D:2      | Splashed by a jelly's acid

Illustrated notes

Levels and vault maps discovered:
D:1:      shiori_arrival_oz, layout_basic,
          hellmonk_ecumenical_altar_heavens_door
D:2:      cheibrodos_fertilizer, layout_loops_ring, basic_altar,
          palyth_stone_intersect

Skill      XL: |  1  2  3  4 |
---------------+-------------+-----
Armour         | 1 2 |  2.1
Fighting       | |  3.8
Long Blades    | |  3.9
Dodging        | |  3.0
Stealth        | |  2.0

Action                   |  1- 3 |  4- 6 || total
-------------------------+-------+-------++-------
Melee: Falchion          |   110 |    36 ||   146
  Use: Potion            |       |     3 ||     3
 Stab: Sleeping          |    11 |       ||    11
Armor: Robe              |    27 |     7 ||    34
       Skin              |       |     8 ||     8
Dodge: Dodged            |    78 |    18 ||    96

Table legend: (Time is in decaauts)
 A = Elapsed time spent in this place.
 B = Non-inter-level travel time spent in this place.
 C = Inter-level travel time spent in this place.
 D = Time resting spent in this place.
 E = Time spent auto-exploring this place.
 F = Levels seen in this place.
 G = Mean time per level.
                   A        B        C        D        E       F      G
               +--------+--------+--------+--------+--------+-----+--------+
         Total |   1620 |   1597 |     23 |      0 |   1186 |   2 |  810.0 |
       Dungeon |   1620 |   1597 |     23 |      0 |   1186 |   2 |  810.0 |
               +--------+--------+--------+--------+--------+-----+--------+

Top non-repeatable levels by time:
     D:1: 1172 daAuts
     D:2: 448 daAuts
